 Dungeon Crawl Stone Soup version 0.29.1-2-gbd0b4ee654 (webtiles) character file.

Game seed: 11146165062665036955

181 Hadkhar the Trooper (level 5, -2/42 HPs)
             Began as a Human Abyssal Knight on Nov 18, 2022.
             Was a Priest of Lugonu.
             Slain by Crazy Yiuf
             ... wielding a +4 quarterstaff of chaos
              (4 damage)
             ... on level 3 of the Dungeon.
             The game lasted 00:11:28 (3548 turns).

Hadkhar the Trooper (Human Abyssal Knight)          Turns: 3548, Time: 00:11:29

Health: -2/42      AC:  3    Str: 16    XL:     5   Next: 92%
Magic:  7/7        EV: 11    Int: 10    God:    Lugonu [***...]
Gold:   252        SH:  0    Dex: 13    Spells: 4/4 levels left

rFire   . . .      SeeInvis .   a - +1 mace
rCold   . . .      Faith    .   (no shield)
rNeg    . . .      Spirit   .   b - +0 leather armour
rPois   .          Reflect  .   (no helmet)
rElec   .          Harm     .   (no cloak)
rCorr   .          Rampage  .   (no gloves)
Will    .....                   (no boots)
Stlth   +.........              m - amulet of regeneration
HPRegen 0.94/turn               (no ring)
MPRegen 0.10/turn               (no ring)

@: lethally poisoned (-2 -> -7)
A: no striking features
a: Renounce Religion, Depart the Abyss, Bend Space, Banish


You were on level 3 of the Dungeon.
You worshipped Lugonu.
Lugonu was most pleased with you.
You visited 1 branch of the dungeon, and saw 3 of its levels.
You visited the Abyss 1 time.

You collected 252 gold pieces.

Inventory:

Hand Weapons
 a - a +1 mace (weapon)
 l - a +0 longbow
Missiles
 h - 6 poisoned darts (quivered)
Armour
 b - a +0 leather armour (worn)
Jewellery
 m - an amulet of regeneration (around neck)
Scrolls
 c - a scroll of brand weapon {unknown}
 d - 4 scrolls of identify {unknown}
 f - 5 scrolls of teleportation {unknown}
 g - 3 scrolls of amnesia {unknown}
 i - a scroll of noise {unknown}
Potions
 e - a potion of attraction {unknown}
 j - a potion of lignification {unknown}
 k - 5 potions of curing {unknown}
 n - a potion of invisibility {unknown}
 o - a potion of mutation {unknown}


   Skills:
 + Level 4.0 Fighting
 + Level 3.2 Maces & Flails
 + Level 3.2 Armour
 - Level 1.0 Dodging
 + Level 3.4 Invocations


You had 4 spell levels left.
You didn't know any spells.
Your spell library contained the following spells:

 Spells                   Type           Power      Damage    Failure   Level
 Slow                     Hex            0%         N/A       41%         1
 Scorch                   Fire           0%         2d5       56%         2
 Sublimation of Blood     Necr           0%         N/A       56%         2
 Wereblood                Tmut           0%         N/A       56%         2
 Confusing Touch          Hex            0%         N/A       80%         3
 Vampiric Draining        Necr           0%         2d6       80%         3
 Flame Wave               Conj/Fire      0%         2d4       99%         4
 Summon Cactus Giant      Summ           0%         N/A       100%        6
 Summon Hydra             Summ           0%         N/A       100%        7


Dungeon Overview and Level Annotations

Branches:
Dungeon (3/15)

Altars:

Annotations:
D:3 Crazy Yiuf


Message History

The ball python barely misses you. The ball python constricts you.
You thump the ball python!
You kill the ball python!
Lugonu accepts your kill.
Unknown command.
You see here a ball python corpse.
There is a stone staircase leading up here.
Crazy Yiuf shouts!
Crazy Yiuf laughs, "You ladder cower!"
Press: ? - help, v - describe, . - travel
Here: Crazy Yiuf, wielding a +4 quarterstaff of chaos, wearing a +2 cloak and carrying a wand of flame (17) (fire blocked by a runed translucent door)
The floor.
Unknown command.
As you open the door, it creaks loudly!
You hit Crazy Yiuf but do no damage.
Crazy Yiuf says, "Crazy?
Crazy!?
PORCUPINE!"
Crazy Yiuf completely misses you.
Crazy Yiuf hits you with a +4 quarterstaff of chaos.
You hit Crazy Yiuf.
Crazy Yiuf is lightly wounded.
Crazy Yiuf hits you with a +4 quarterstaff of chaos!
You are poisoned.
You hit Crazy Yiuf.
Crazy Yiuf is moderately wounded.
You feel very sick.
Crazy Yiuf hits you with a +4 quarterstaff of chaos.
You are more poisoned.
Unknown command.
You hit Crazy Yiuf.
Crazy Yiuf is heavily wounded.
You feel very sick. Crazy Yiuf barely misses you.
You closely miss Crazy Yiuf.
Crazy Yiuf is heavily wounded.
You feel very sick. Crazy Yiuf barely misses you.
Crazy Yiuf hits you with a +4 quarterstaff of chaos!
* * * LOW HITPOINT WARNING * * *
Crazy Yiuf freezes you.
You die...

...# #.#####....#
#### .#.# #.#
#....# ###...
.#.######.##
#.#..# #.....
.#.........#
##...#
######.~~~~
##.........#
##.## #......~~~.
...........# ##.#
##......~~~~
....P....### #.##
#.......~~.~
.#..PP..## ##.#
##.......P..
.#......# #@##
#.......###
.#.#.#### #g#
#.......# #
##.#...### ...
####.######
...#.....# #...#
#.##....
...#.#.#.# #)..#
#.......
<....#.#.###
#####
########....
...........#
#>..........
.###.......# ###
##.######....
...#.###.######.#
###..# ###รท)..


You could see Crazy Yiuf.

Vanquished Creatures
  A water moccasin skeleton (D:3)
  Terence (D:3)
  A hound skeleton (D:3)
  4 adders
  2 worms
  2 dart slugs (D:2)
  5 ball pythons
  6 endoplasms
  5 goblins
  5 hobgoblins
  2 jackals (D:1)
  4 quokkas
  3 bats
  4 kobolds
  8 rats
53 creatures vanquished.

Vanquished Creatures (others)
  2 withered plants (D:3)
2 creatures vanquished.

Grand Total: 55 creatures vanquished

Notes
Turn   | Place    | Note
-------+----------+-------------------------------------------
     0 | Abyss:1  | Hadkhar the Human Abyssal Knight began the quest for the
                  | Orb.
     0 | Abyss:1  | Reached XP level 1. HP: 18/18 MP: 2/2
     1 | D:1      | Escaped the Abyss
    50 | D:1      | Reached XP level 2. HP: 16/24 MP: 3/3
   571 | D:1      | Reached XP level 3. HP: 4/29 MP: 4/4
   895 | D:1      | Found a faded altar of an unknown god.
   977 | D:1      | Reached *** piety under Lugonu
  1739 | D:2      | Reached XP level 4. HP: 21/35 MP: 4/6
  2733 | D:3      | Reached XP level 5. HP: 25/42 MP: 7/7
  3030 | D:3      | Found a runed translucent door.
  3031 | D:3      | Noticed Crazy Yiuf
  3276 | D:3      | Noticed Terence
  3282 | D:3      | Killed Terence
  3283 | D:3      | Reached skill level 4 in Fighting
  3548 | D:3      | HP: 2/42 [Crazy Yiuf/+4 quarterstaff of chaos (11)]
  3548 | D:3      | Slain by Crazy Yiuf

Illustrated notes

Levels and vault maps discovered:
D:1:      onia_arrival_pyramid, layout_rooms, basic_ecumenical_altar
D:2:      layout_rooms
D:3:      layout_basic, serial_undead, serial_undead_f, serial_undead_f,
          serial_undead_c, serial_undead_b, st_stairs_6, uniq_terence,
          uniq_crazy_yiuf_cottage

Skill      XL: |  1  2  3  4  5 |
---------------+----------------+-----
Invocations    | 3 |  3.4
Maces & Flails | 3 |  3.2
Armour         | 3 |  3.2
Fighting       | 4 |  4.0
Dodging        | |  1.0

Action                   |  1- 3 |  4- 6 || total
-------------------------+-------+-------++-------
Melee: Mace              |    97 |    59 ||   156
       Punch             |     2 |     1 ||     3
 Fire: Sling             |    11 |       ||    11
       Longbow           |       |    38 ||    38
Armor: Leather armour    |    38 |    21 ||    59
Dodge: Dodged            |    63 |    54 ||   117
